 Dungeon Crawl Stone Soup version 0.23.2-40-g277498a001 (webtiles) character file.

Game seed: 10155006705121078206

9 Destapler the Protected (level 2, 0/26 HPs)
             Began as a Gnoll Wanderer on Aug 27, 2019.
             Was an Initiate of Makhleb.
             Slain by an adder (4 damage)
             ... on level 2 of the Dungeon.
             The game lasted 00:03:30 (596 turns).

Destapler the Protected (Gnoll Wanderer)             Turns: 596, Time: 00:03:31

Health: 0/26       AC:  2    Str: 16    XL:     2   Next: 12%
Magic:  2/2        EV:  8    Int: 17    God:    Makhleb [......]
Gold:   64         SH:  8    Dex: 14    Spells: 1/1 levels left

rFire    . . .     SeeInvis .   b - +0 mace
rCold    + + .     Gourm    .   d - +0 shield
rNeg     . . .     Faith    .   e - +0 robe
rPois    +         Spirit   .   (no helmet)
rElec    +         Reflect  .   (no cloak)
rCorr    +         Harm     .   (no gloves)
MR       .....                  (no boots)
Stlth    ++........             (no amulet)
HPRegen  0.08/turn              o - ring of ice
MPRegen  0.08/turn              (no ring)

@: brilliant, lethally poisoned (0 -> -4), resistant
A: distributed training, fangs 1, strong nose
a: Renounce Religion


You were on level 2 of the Dungeon.
You worshipped Makhleb.
Makhleb was noncommittal.
You were not hungry.

You visited 1 branch of the dungeon, and saw 2 of its levels.

You collected 64 gold pieces.

Inventory:

Hand Weapons
 a - a +0 hand crossbow
 b - a +0 mace (weapon)
 l - a cursed +0 spear
Missiles
 c - 25 bolts
 h - 64 stones (quivered)
 j - 7 needles of frenzy
 q - 9 poisoned needles
Armour
 d - a +0 shield (worn)
 e - a +0 robe (worn)
 k - a +0 leather armour
Jewellery
 o - a ring of ice (left hand)
Scrolls
 g - 2 scrolls of remove curse {unknown}
 i - a scroll of identify {unknown}
 n - 3 scrolls of immolation {unknown}
 p - a scroll of magic mapping {unknown}
 u - 3 scrolls of teleportation {unknown}
 v - a scroll of amnesia {unknown}
Potions
 t - a potion of degeneration {unknown}
Comestibles
 f - 3 rations
 m - 3 chunks of flesh


   Skills:
 + Level 4.4 Fighting
 + Level 0.2 Short Blades
 + Level 0.2 Long Blades
 + Level 0.2 Axes
 + Level 2.4 Maces & Flails
 + Level 0.2 Polearms
 + Level 0.2 Staves
 + Level 0.2 Slings
 + Level 0.2 Bows
 + Level 2.4 Crossbows
 + Level 0.2 Throwing
 + Level 8.4 Armour
 + Level 0.2 Dodging
 + Level 2.2 Stealth
 + Level 2.4 Shields
 + Level 0.2 Unarmed Combat
 + Level 0.2 Spellcasting
 + Level 0.1 Conjurations
 + Level 0.1 Hexes
 + Level 0.1 Charms
 + Level 0.1 Summonings
 + Level 0.1 Necromancy
 + Level 0.1 Translocations
 + Level 0.1 Transmutations
 + Level 0.1 Fire Magic
 + Level 0.1 Ice Magic
 + Level 0.1 Air Magic
 + Level 0.1 Earth Magic
 + Level 0.1 Poison Magic
 + Level 0.3 Invocations
 + Level 0.2 Evocations


You had one spell level left.
You didn't know any spells.
Your spell library was empty.

Dungeon Overview and Level Annotations

Branches:
Dungeon (2/15)

Altars:
Makhleb


Innate Abilities, Weirdness & Mutations

Your experience applies equally to all skills.
You have very sharp teeth.
Your uncanny sense of smell can sniff out nearby items.


Message History

You closely miss the adder. You bite the adder.
The adder is lightly wounded.
The adder bites you. You block the adder's attack. The adder bites you.
You are more poisoned.
The adder poisons you! The adder bites you.
* * * LOW HITPOINT WARNING * * *
The adder misses you.
* * * LOW HITPOINT WARNING * * *
You feel sick.
* * * LOW HITPOINT WARNING * * *
You feel sick.
It was a potion of resistance.
You feel protected. You block the adder's attack.
It was a potion of brilliance.
You feel clever all of a sudden.
* * * LOW HITPOINT WARNING * * *
You feel sick. The adder bites you.
You die...

##.#.### ## ##..#.##
###### .
#.###..##..###.....
..#........#.....#######
......≈.≈..............
##.#..≈⌠≈.####...##....
......≈...# ###.##...( #
#. #.SS..### #.......
#.#.###@#[...#####..=...
#.......####..†#...._...
###....### ###..........
#..#<..# #.####.....
#..###[......# ...... #.
##.##.# .##.... . ..
#.... ..#$. .# ∆ .# ....
..#.. #### ..#..


You could see 2 adders.

Vanquished Creatures
  A leopard gecko (D:1)
  A bat (D:2)
  2 goblins (D:1)
  A hobgoblin (D:2)
  A kobold (D:1)
  A rat (D:1)
7 creatures vanquished.

Notes
Turn   | Place    | Note
-------+----------+-------------------------------------------
     0 | D:1      | Destapler the Gnoll Wanderer began the quest for the Orb.
     0 | D:1      | Destapler set off with the following items: a +0 hand
                  | crossbow, a +0 shield, 27 bolts, a +0 mace, a +0 robe, a
                  | ration
     0 | D:1      | Reached XP level 1. HP: 20/20 MP: 1/1
   566 | D:2      | Found a burning altar of Makhleb.
   573 | D:2      | Reached XP level 2. HP: 26/26 MP: 2/2
   576 | D:2      | Became a worshipper of Makhleb the Destroyer
   596 | D:2      | Slain by an adder

Action                   || total
-------------------------++-------
Melee: Mace              ||     6
       Bite              ||     1
 Fire: Hand crossbow     ||     5
  Use: Potion            ||     2
Armor: Robe              ||     1
Dodge: Dodged            ||     6
Block: Shield            ||     8
